 Dungeon Crawl Stone Soup version 0.18.1-48-g4cf74bf (webtiles) character file.

483 rjaguar3 the Digger (level 7, -5/36 HPs)
             Began as a Gargoyle Earth Elementalist on Aug 26, 2016.
             Was a Follower of Vehumet.
             Slain by an ogre
             ... wielding a +0 giant spiked club
              (18 damage)
             ... in the Ecumenical Temple.
             The game lasted 00:23:52 (3774 turns).

rjaguar3 the Digger (Gargoyle Earth Elementalist)   Turns: 3774, Time: 00:23:53

Health: -5/36      AC:  9    Str: 15    XL:     7   Next: 12%
Magic:  0/15       EV: 12    Int: 17    God:    Vehumet [*.....]
Gold:   177        SH:  0    Dex: 10    Spells: 3 memorised, 7 levels left

rFire  . . .     SeeInvis .     o - +0 dagger (venom)
rCold  . . .     Gourm    .     a - +0 robe
rNeg   + . .     Faith    .     (no shield)
rPois  ∞         Spirit   .     (no helmet)
rElec  +         Dismiss  .     F - +2 cloak
rCorr  .         Reflect  .     (no gloves)
SustAt .         Harm     .     (no boots)
MR     .....                    (no amulet)
Stlth  ++........               D - +3 ring of strength
                                (no ring)

@: not resistant to hostile enchantments, unstealthy
A: negative energy resistance 1, electricity resistance, unbreathing,
petrification resistance, rot immunity, AC +4
a: Renounce Religion


You were in the Ecumenical Temple.
You worshipped Vehumet.
Vehumet was aware of your devotion.
You were not hungry.

You visited 2 branches of the dungeon, and saw 6 of its levels.

You collected 177 gold pieces.

Inventory:

Hand Weapons
 g - a +0 mace
 o - a +0 dagger of venom (weapon)
 y - a +0 flail
Missiles
 b - 42 stones (quivered)
Armour
 a - a +0 robe (worn)
 F - a +2 cloak (worn)
Magical Staves
 n - an uncursed staff of poison
Jewellery
 D - a +3 ring of strength (right hand)
Wands
 z - a wand of disintegration (11/24)
 E - a wand of acid (6/15)
Scrolls
 j - 8 scrolls of remove curse
 k - 2 scrolls of enchant armour {unknown}
 l - a scroll of noise {unknown}
 m - 2 scrolls of fear {unknown}
 p - a scroll of blinking {unknown}
 q - 2 scrolls of recharging {unknown}
 r - a scroll of identify {unknown}
 w - a scroll of teleportation {unknown}
Potions
 e - 2 potions of degeneration {unknown}
 f - 2 potions of lignification {unknown}
 h - 2 potions of curing {unknown}
 s - a potion of heal wounds {unknown}
 t - a potion of resistance {unknown}
 v - a potion of ambrosia {unknown}
 x - 2 potions of berserk rage {unknown}
Books
 c - a book of Geomancy

   Spells                             Type                      Level
   a - Sandblast                      Earth                        1
   b - Passwall                       Transmutation/Earth          2
   c - Stone Arrow                    Conjuration/Earth            3
   d - Petrify                        Transmutation/Earth          4
   e - Lee's Rapid Deconstruction     Earth                        5
Comestibles
 d - 4 bread rations
 i - 4 meat rations
 u - a slice of pizza
 A - a fruit
 C - a beef jerky


   Skills:
 - Level 1.6 Dodging
 - Level 2.5 Stealth
 * Level 5.3 Spellcasting
 + Level 2.1 Conjurations
   Level 0.7 Transmutations
 + Level 5.9 Earth Magic


You had 7 spell levels left.
You knew the following spells:

 Your Spells              Type           Power        Failure   Level  Hunger
a - Sandblast             Erth           ###...       1%          1    None
b - Stone Arrow           Conj/Erth      ###...       10%         3    ##.....
c - Lee's Rapid Deconstr  Erth           ###.......   38%         5    ######.


Dungeon Overview and Level Annotations

Branches:
Dungeon (5/15)             Temple (1/1) D:5

Altars:
Ashenzari
Dithmenos
Elyvilon
Fedhas
Makhleb
Nemelex Xobeh
Okawaru
Pakellas
Qazlal
Ru
Trog
Vehumet
Xom
Yredelemnul
Zin
The Shining One

Annotations:
D:4 rjaguar3's ghost, novice GrEE
D:5 1 runed door


Innate Abilities, Weirdness & Mutations

You are resistant to torment.
Your stone body is resilient (AC +4).
You are immune to poison.
You resist negative energy.
You are resistant to electric shocks.
You can survive without breathing.
You are immune to petrification.
You are immune to rotting.


Message History

Ouch! That really hurt!
You climb downwards.
Welcome to the Ecumenical Temple!
There is a staircase back to the Dungeon here.
Casting: Stone Arrow
Confirm with . or Enter, or press ? or * to list all spells.
Aiming: Stone Arrow
Press: ? - help, Shift-Dir - straight line, f - ogre
Aim: an ogre, wielding a giant spiked club The stone arrow hits the ogre.
The ogre is heavily wounded.
Casting: Stone Arrow
Confirm with . or Enter, or press ? or * to list all spells.
Aiming: Stone Arrow
Press: ? - help, Shift-Dir - straight line, f/p - ogre
Aim: an ogre, wielding a giant spiked club (heavily wounded)
The stone arrow hits the ogre.
The ogre is almost dead.
The ogre hits you with a giant spiked club!!
Ouch! That really hurt!
You die...

≈≈≈≈≈≈≈≈≈≈≈≈≈≈≈≈≈≈≈≈≈≈≈≈≈≈≈≈≈≈≈≈≈
≈≈≈≈≈≈≈≈.........................
≈≈≈≈.............................
≈..................._............
....._...........................
............_..............._....
.................................
.................................
._......_.......@O..<..........._
.................................
.................................
............_..............._....
....._...........................
≈..................._............
≈≈≈≈.............................
≈≈≈≈≈≈≈≈.........................
≈≈≈≈≈≈≈≈≈≈≈≈≈≈≈≈≈≈≈≈≈≈≈≈≈≈≈≈≈≈≈≈≈


You could see an ogre.

Vanquished Creatures
  2 scorpions (D:5)
  A giant frog zombie (D:5)
  2 orc wizards
  An orc priest (D:5)
  An iguana (D:5)
  Ijyb (D:2)
  A worker ant (D:5)
  A howler monkey zombie (D:5)
  6 adders
  A shadow imp (D:5)
  4 worms
  A dart slug (D:3)
  3 giant geckos
  12 orcs
  3 giant cockroaches
  10 goblins
  4 hobgoblins
  9 jackals
  7 kobolds
  3 quokkas
  A ball python (D:4)
  11 bats
  2 giant newts
  7 rats
94 creatures vanquished.

Vanquished Creatures (others)
  13 fungi (D:5)
13 creatures vanquished.

Grand Total: 107 creatures vanquished

Notes
Turn   | Place    | Note
--------------------------------------------------------------
     0 | D:1      | rjaguar3 the Gargoyle Earth Elementalist began the quest for the Orb.
     0 | D:1      | Reached XP level 1. HP: 10/10 MP: 3/3
   221 | D:1      | Reached XP level 2. HP: 15/15 MP: 1/5
   956 | D:2      | Reached XP level 3. HP: 19/19 MP: 1/6
  1111 | D:2      | Noticed Ijyb
  1194 | D:2      | Reached XP level 4. HP: 24/24 MP: 1/8
  1298 | D:2      | Learned a level 3 spell: Stone Arrow
  1400 | D:2      | Killed Ijyb
  1565 | D:2      | Found a radiant altar of Vehumet.
  1583 | D:2      | Became a worshipper of Vehumet
  1715 | D:3      | Found a white marble altar of Elyvilon.
  1805 | D:3      | Reached XP level 5. HP: 28/28 MP: 6/10
  1807 | D:3      | Reached skill level 5 in Earth Magic
  2309 | D:4      | Noticed rjaguar3's ghost (novice GrEE)
  2329 | D:3      | You fall through a shaft!
  2492 | D:5      | Entered Level 5 of the Dungeon
  2736 | D:5      | Found a staircase to the Ecumenical Temple.
  2759 | Temple   | Entered the Ecumenical Temple
  2859 | D:5      | Reached XP level 6. HP: 26/32 MP: 7/12
  3126 | D:5      | Reached skill level 1 in Conjurations
  3178 | D:5      | Found a white marble altar of Elyvilon.
  3179 | D:5      | Found a runed door.
  3179 | D:5      | Noticed an angel
  3415 | D:5      | Reached * piety under Vehumet
  3415 | D:5      | Offered knowledge of Sting by Vehumet.
  3502 | D:5      | Reached skill level 5 in Spellcasting
  3703 | D:5      | Reached XP level 7. HP: 36/36 MP: 11/14
  3710 | D:5      | Learned a level 5 spell: Lee's Rapid Deconstruction
  3774 | Temple   | Slain by an ogre

Skill      XL: |  1  2  3  4  5  6 |
---------------+-------------------+-----
Earth Magic    | 4 5 |  5.9
Spellcasting   | 3 4 5 |  5.3
Conjurations   | 2 |  2.1
Dodging        | |  1.6
Stealth        | |  2.5
Transmutations | |  0.7

Action                   |  1- 3 |  4- 6 |  7- 9 || total
-------------------------+-------+-------+-------++-------
Melee: Mace              |       |     8 |       ||     8
       Dagger            |       |       |     5 ||     5
 Cast: Sandblast         |    47 |   108 |     2 ||   157
       Stone Arrow       |       |     9 |     7 ||    16
  Use: Scroll            |       |     1 |       ||     1
  Eat: Chunk             |     1 |     9 |       ||    10
Armor: Robe              |     9 |    11 |     7 ||    27
Dodge: Dodged            |    19 |    28 |     5 ||    52
